 Dungeon Sprint DCSS version 0.17-a0-1636-g3119f2b (webtiles) character file.

9753 Kidiri the Unseen (level 11, 0/47 HPs)
             Began as a Spriggan Enchanter on Aug 5, 2015.
             Was the Champion of Dithmenos.
             Killed from afar by a hell hound (20 damage)
             ... with a blast of flame
             ... in the Dungeon (Sprint VII: "The Pits").
             The game lasted 00:22:22 (2441 turns).

Kidiri the Unseen (Spriggan Enchanter)              Turns: 2441, Time: 00:22:22

Health: 0/47       AC:  4    Str:  5    XL:     11   Next: 27%
Magic:  17/30      EV: 35    Int: 19    God:    Dithmenos [******]
Gold:   11         SH:  0    Dex: 18    Spells: 5 memorised, 26 levels left

rFire  . . .     SeeInvis +     p - +6 dagger (elec)
rCold  . . .     Clarity  .     b - +1 robe
rNeg   . . .     SustAt   .     (shield restricted)
rPois  .         Gourm    .     (helmet restricted)
rElec  .         Spirit   .     (no cloak)
rCorr  .         Warding  .     (gloves unavailable)
rMut   .         NoTele   +     (boots unavailable)
MR     +....                    (no amulet)
Stlth  ++++++++++               q - +3 ring of strength
                                k - +3 ring of evasion

@: wreathed by umbra, very quick, somewhat resistant to hostile enchantments,
uncannily stealthy
A: unfitting armour, molten scales 1, see invisible, herbivore 3, speed 3, slow
metabolism 2, weak 1
a: Shadow Step, Shadow Form, Renounce Religion


You were in the Dungeon.
You worshipped Dithmenos.
Dithmenos was exalted by your worship.
You were not hungry.

You visited 1 branch You collected 11 gold pieces.

Inventory:

Hand weapons
 p - a +6 dagger of electrocution (weapon)
 s - a +2 rapier of venom
Armour
 b - a +1 robe (worn)
Jewellery
 j - an uncursed ring of fire
 k - a +3 ring of evasion (left hand)
 q - a +3 ring of strength (right hand)
 t - an uncursed ring of sustain attributes
 u - an uncursed ring of positive energy
Scrolls
 m - 4 scrolls of remove curse
 n - 5 scrolls of amnesia
 o - a scroll of summoning
 v - 2 scrolls of identify
 w - a scroll of recharging
 y - a scroll of fear
Potions
 e - 11 potions of curing
 f - 13 potions of heal wounds
 g - a potion of haste
 h - 2 potions of magic
 i - 4 potions of berserk rage
 l - 2 potions of invisibility
 r - 5 potions of might
 z - a potion of cure mutation
Books
 c - a book of Maledictions

   Spells                             Type                      Level
   a - Corona                         Hexes                        1
   b - Ensorcelled Hibernation        Hexes/Ice                    2
   c - Confuse                        Hexes                        3
   d - Tukima's Dance                 Hexes                        3
   e - Dazzling Spray                 Conjuration/Hexes            3
Comestibles
 a - 40 fruits
 d - 8 bread rations


   Skills:
 + Level 9.5 Short Blades
 * Level 16.4 Dodging
 * Level 18.0 Stealth
 * Level 14.3 Spellcasting
 + Level 6.1 Conjurations
 + Level 10.9 Hexes
 + Level 7.0 Ice Magic
 + Level 8.6 Invocations


You had 26 spell levels left.
You knew the following spells:

 Your Spells              Type           Power        Failure   Level  Hunger
a - Corona                Hex            ######.      1%          1    None
b - Ensorcelled Hibernat  Hex/Ice        #####.       1%          2    None
c - Confuse               Hex            ######..     1%          3    None
d - Tukima's Dance        Hex            ######..     1%          3    None
e - Dazzling Spray        Conj/Hex       #####...     1%          3    None


Dungeon Overview and Level Annotations

Branches:
Dungeon (1/1)

Altars:
Ashenzari
Cheibriados
Dithmenos
Elyvilon
Fedhas
Gozag
Kikubaaqudgha
Makhleb
Nemelex Xobeh
Okawaru
Qazlal
Ru
Sif Muna
Trog
Vehumet
Xom
Yredelemnul
Zin
The Shining One
Beogh
Jiyva
Lugonu


Innate Abilities, Weirdness & Mutations

You are tiny and cannot use many weapons and most armour.
You have supernaturally acute eyesight.
You are a herbivore.
You cover ground extremely quickly.
You need consume almost no food.
You are partially covered in molten scales (AC +1).
You are weak. (Str -2)


Message History

You kill the hell hound!
Dithmenos accepts your kill.
Dithmenos appreciates your extinguishing a source of fire.
The spray of energy hits the stone giant.
The stone giant is lightly wounded.
The hell hound barely misses you.
You barely miss the emperor scorpion.
The emperor scorpion is heavily wounded.
The hell hound breathes flames at you.
The blast of flame hits the hell hound.
The hell hound appears unharmed.
The blast of flame hits you!
* * * LOW HITPOINT WARNING * * *
You emit a cloud of dark smoke.
Drink which item? (? for menu, Esc to quit)
You feel much better. The hell hound bites you!
You emit a cloud of dark smoke.
The vampire completely misses you.
The vampire bites you but does no damage.
The hell hound breathes flames at you. The blast of flame hits you!
You die...

#......... #.........
+..#....#. +.........
#..........
#################..#....#..
...............''..........
...............'@§.........
########+####..##§§#....#..
#..##§h§§§.§...
#..##§V§s§.....
#..####§§####++ #..# #C§#
#..# h§§§. #############..#
.#C##.#
...............##.#}h .#


You could see a hell hound.

Vanquished Creatures
  A death yak (D)
  A spriggan (D)
  A shadow wraith (D)
  A deep troll (D)
  2 orc knights (D)
  A phantasmal warrior (D)
  A griffon (D)
  A cyclops (D)
  An orange demon (D)
  A komodo dragon (D)
  2 kobold demonologists (D)
  A guardian mummy (D)
  A giant leech (D)
  A jumping spider (D)
  A troll (D)
  A polar bear (D)
  A shadow (D)
  A tarantella (D)
  A wyvern (D)
  2 hippogriffs (D)
  A mottled dragon (D)
  3 vampire mosquitoes (D)
  4 wolves (D)
  A soldier ant (D)
  6 hell hounds (D)
  2 porcupines (D)
  An ice beast (D)
  2 orc warriors (D)
  2 black bears (D)
  A wasp (D)
  An ogre (D)
  A scorpion (D)
  A jelly (D)
  An iron imp (D)
  3 orc priests (D)
  2 orc wizards (D)
  An adder (D)
  An ufetubus (D)
  An adder skeleton (D)
  An adder zombie (D)
  A giant gecko (D)
  5 orcs (D)
  2 bat zombies (D)
  A giant cockroach (D)
  5 kobolds (D)
  2 ball pythons (D)
  A bat (D)
  A giant newt (D)
  A goblin (D)
  A quokka (D)
  A quokka zombie (D)
  A rat (D)
81 creatures vanquished.

Notes
Turn   | Place    | Note
--------------------------------------------------------------
     0 | D        | Kidiri the Spriggan Enchanter began the quest for the Orb.
     0 | D        | Reached XP level 1. HP: 9/9 MP: 5/5
    37 | D        | Found a sacrificial altar of Ru.
    37 | D        | Found a basalt altar of Yredelemnul.
    37 | D        | Found a shadowy altar of Dithmenos.
    37 | D        | Found a deep blue altar of Sif Muna.
    37 | D        | Found a burning altar of Makhleb.
    37 | D        | Found a shimmering altar of Xom.
    37 | D        | Found an ancient bone altar of Kikubaaqudgha.
    37 | D        | Found a sparkling altar of Nemelex Xobeh.
    38 | D        | Found a glowing golden altar of the Shining One.
    38 | D        | Found a bloodstained altar of Trog.
    38 | D        | Found a shattered altar of Ashenzari.
    38 | D        | Found a white marble altar of Elyvilon.
    38 | D        | Found a snail-covered altar of Cheibriados.
    38 | D        | Found a blossoming altar of Fedhas.
    38 | D        | Found a radiant altar of Vehumet.
    38 | D        | Found a glowing silver altar of Zin.
    38 | D        | Found a corrupted altar of Lugonu.
    38 | D        | Found a viscous altar of Jiyva.
    38 | D        | Found a roughly hewn altar of Beogh.
    38 | D        | Found an iron altar of Okawaru.
    41 | D        | Became a worshipper of Dithmenos the Shadowed
    45 | D        | Found a stormy altar of Qazlal.
    45 | D        | Found an opulent altar of Gozag.
   101 | D        | Reached skill level 5 in Stealth
   101 | D        | Reached skill level 1 in Invocations
   101 | D        | Reached XP level 2. HP: 13/13 MP: 6/8
   105 | D        | Learned a level 2 spell: Ensorcelled Hibernation
   139 | D        | Acquired Dithmenos's first power
   149 | D        | Reached skill level 6 in Stealth
   212 | D        | Noticed an ice beast
   214 | D        | Noticed an orc priest
   214 | D        | Noticed an orc priest
   220 | D        | Killed an ice beast
   220 | D        | Reached skill level 8 in Stealth
   220 | D        | Reached skill level 5 in Spellcasting
   220 | D        | Reached skill level 5 in Hexes
   220 | D        | Reached skill level 1 in Ice Magic
   220 | D        | Reached XP level 3. HP: 16/16 MP: 8/11
   220 | D        | Reached XP level 4. HP: 21/21 MP: 8/12
   240 | D        | Killed an orc priest
   240 | D        | Acquired Dithmenos's second power
   240 | D        | Reached XP level 5. HP: 14/24 MP: 6/14
   247 | D        | Learned a level 3 spell: Confuse
   251 | D        | Learned a level 3 spell: Tukima's Dance
   255 | D        | Learned a level 3 spell: Dazzling Spray
   367 | D        | Noticed an orc warrior
   370 | D        | Noticed an ogre
   371 | D        | Noticed a scorpion
   374 | D        | Killed an orc priest
   375 | D        | Killed an ogre
   375 | D        | Reached skill level 9 in Stealth
   378 | D        | Acquired Dithmenos's third power
   429 | D        | Killed an orc warrior
   429 | D        | Reached skill level 1 in Conjurations
   429 | D        | Reached XP level 6. HP: 28/28 MP: 11/17
   478 | D        | Killed a scorpion
   478 | D        | Reached skill level 10 in Stealth
   506 | D        | Noticed an orc priest
   508 | D        | Killed an orc priest
   511 | D        | Noticed an orc knight
   513 | D        | Killed an orc knight
   513 | D        | Reached skill level 5 in Short Blades
   513 | D        | Reached skill level 10 in Dodging
   513 | D        | Reached skill level 11 in Stealth
   513 | D        | Reached XP level 7. HP: 32/32 MP: 17/20
   515 | D        | Noticed a wolf
   518 | D        | Killed a wolf
   518 | D        | Acquired Dithmenos's fourth power
   518 | D        | Reached skill level 12 in Stealth
   518 | D        | Reached skill level 5 in Invocations
   609 | D        | Noticed a black bear
   609 | D        | Noticed a mottled dragon
   609 | D        | Noticed a polar bear
   611 | D        | Killed a black bear
   611 | D        | Reached XP level 8. HP: 36/36 MP: 17/22
   615 | D        | Killed a mottled dragon
   626 | D        | Killed a polar bear
   626 | D        | Reached skill level 10 in Spellcasting
   767 | D        | Noticed a jelly
   768 | D        | Noticed an orange demon
   768 | D        | Noticed a troll
   770 | D        | Killed an orange demon
   770 | D        | Reached skill level 13 in Stealth
   773 | D        | Killed a troll
   775 | D        | Killed a jelly
   817 | D        | Noticed a shadow wraith
   819 | D        | Noticed a wyvern
   819 | D        | Noticed an orc knight
   819 | D        | Noticed an orc warrior
   819 | D        | Noticed a deep troll
   822 | D        | Killed an orc warrior
   822 | D        | Reached XP level 9. HP: 39/39 MP: 24/24
   825 | D        | Killed a wyvern
   825 | D        | Reached skill level 14 in Stealth
   935 | D        | Killed a shadow wraith
   935 | D        | Reached skill level 5 in Ice Magic
  1030 | D        | Killed an orc knight
  1085 | D        | Killed a deep troll
  1085 | D        | Reached skill level 15 in Stealth
  1110 | D        | Noticed a phantasmal warrior
  1110 | D        | Noticed a soldier ant
  1110 | D        | Noticed a guardian mummy
  1112 | D        | Killed a guardian mummy
  1131 | D        | Killed a soldier ant
  1131 | D        | Reached XP level 10. HP: 41/44 MP: 16/27
  1242 | D        | Noticed a wolf
  1242 | D        | Killed a phantasmal warrior
  1243 | D        | Noticed a kobold demonologist
  1245 | D        | Noticed a wolf
  1246 | D        | Noticed a hippogriff
  1248 | D        | Noticed a porcupine
  1249 | D        | Noticed a wolf
  1255 | D        | Killed a wolf
  1257 | D        | Killed a hippogriff
  1259 | D        | Killed a porcupine
  1259 | D        | Reached skill level 16 in Stealth
  1259 | D        | Reached skill level 5 in Conjurations
  1270 | D        | Noticed a sixfirhy
  1274 | D        | Killed a kobold demonologist
  1277 | D        | Killed a wolf
  1287 | D        | Killed a wolf
  1441 | D        | Noticed a shadow
  1445 | D        | Noticed a cyclops
  1447 | D        | Killed a shadow
  1449 | D        | Killed a cyclops
  1449 | D        | Reached skill level 15 in Dodging
  1449 | D        | Reached skill level 10 in Hexes
  1484 | D        | Noticed a kobold demonologist
  1485 | D        | Noticed a death yak
  1485 | D        | Noticed an orc wizard
  1486 | D        | Killed a kobold demonologist
  1487 | D        | Noticed an orc wizard
  1487 | D        | Noticed a spriggan rider
  1487 | D        | Noticed a porcupine
  1488 | D        | Killed a death yak
  1504 | D        | Killed an orc wizard
  1506 | D        | Killed a spriggan rider
  1506 | D        | Killed a wasp
  1506 | D        | Reached skill level 17 in Stealth
  1512 | D        | Killed a porcupine
  1514 | D        | Killed an orc wizard
  1547 | D        | Noticed a hell hound
  1547 | D        | Noticed a hell hound
  1547 | D        | Noticed a hell hound
  1547 | D        | Noticed a black bear
  1547 | D        | Noticed a vampire mosquito
  1547 | D        | Noticed a vampire mosquito
  1547 | D        | Noticed a vampire mosquito
  1547 | D        | Noticed an iron imp
  1547 | D        | Noticed a tarantella
  1548 | D        | Noticed a hippogriff
  1548 | D        | Noticed a jumping spider
  1548 | D        | Noticed a komodo dragon
  1548 | D        | Noticed a hell hound
  1548 | D        | Noticed a hell hound
  1548 | D        | Noticed a griffon
  1548 | D        | Noticed a giant leech
  1551 | D        | Killed an iron imp
  1798 | D        | Killed a vampire mosquito
  1828 | D        | Killed a komodo dragon
  1828 | D        | Reached XP level 11. HP: 47/47 MP: 26/29
  1839 | D        | Killed a vampire mosquito
  1843 | D        | Killed a vampire mosquito
  2005 | D        | Killed a hell hound
  2007 | D        | Killed a hell hound
  2009 | D        | Killed a tarantella
  2015 | D        | Killed a hell hound
  2017 | D        | Killed a hell hound
  2024 | D        | Killed a jumping spider
  2028 | D        | Killed a hippogriff
  2146 | D        | Killed a hell hound
  2175 | D        | Killed a giant leech
  2198 | D        | Killed a griffon
  2198 | D        | Reached skill level 18 in Stealth
  2201 | D        | Killed a black bear
  2215 | D        | Gained mutation: Your spells are a little harder to cast, but a little more powerful. [potion of mutation]
  2215 | D        | Gained mutation: You are weak. (Str -2) [potion of mutation]
  2215 | D        | Gained mutation: You are partially covered in molten scales (AC +1). [potion of mutation]
  2228 | D        | Gained mutation: You are frail (-10% HP). [potion of mutation]
  2228 | D        | Gained mutation: You are clumsy. (Dex -2) [potion of mutation]
  2228 | D        | Gained mutation: Your body sometimes deteriorates upon taking damage. [potion of mutation]
  2289 | D        | Lost mutation: You are frail (-10% HP). [potion of cure mutation]
  2289 | D        | Lost mutation: Your body sometimes deteriorates upon taking damage. [potion of cure mutation]
  2289 | D        | Lost mutation: Your spells are a little harder to cast, but a little more powerful. [potion of cure mutation]
  2289 | D        | Lost mutation: You are clumsy. (Dex -2) [potion of cure mutation]
  2429 | D        | Noticed a vampire
  2429 | D        | Noticed an emperor scorpion
  2429 | D        | Noticed a frost giant
  2429 | D        | Noticed a hell hound
  2429 | D        | Noticed a stone giant
  2430 | D        | Noticed a hell hound
  2431 | D        | Noticed a hell hound
  2431 | D        | Noticed a hell hound
  2435 | D        | Killed a hell hound
  2441 | D        | Killed from afar by a hell hound

Vault maps used:
D:        pitsprint

Action                   |  1- 3 |  4- 6 |  7- 9 | 10-12 || total
-------------------------+-------+-------+-------+-------++-------
Melee: Dagger            |    20 |     8 |    14 |    62 ||   104
       Rapier            |       |       |    27 |       ||    27
 Cast: Corona            |     1 |       |       |       ||     1
       Ensorcelled Hiber |       |     7 |    10 |    16 ||    33
       Confuse           |       |     2 |     4 |    16 ||    22
       Dazzling Spray    |       |       |     8 |    29 ||    37
Invok: Shadow Step       |       |       |     4 |     3 ||     7
  Use: Potion            |       |       |     1 |     7 ||     8
       Scroll            |       |       |     1 |     4 ||     5
 Stab: Sleeping          |     8 |     7 |    15 |    14 ||    44
       Invisible         |       |       |     1 |     1 ||     2
       Confused          |       |       |       |     4 ||     4
